 Dungeon Crawl Stone Soup version 0.27-a0-1196-g3e9cee4cb2 (webtiles) character file.

Game seed: 3846598617786783160

12800 MYETA the Spear-Bearer (level 11, -3/92 HPs)
             Began as a Merfolk Gladiator on May 29, 2021.
             Was a Priest of the Shining One.
             Slain by an eight-headed hydra (13 damage)
             ... on level 8 of the Dungeon.
             The game lasted 01:08:12 (12953 turns).

MYETA the Spear-Bearer (Merfolk Gladiator)         Turns: 12953, Time: 01:08:14

Health: -3/92      AC:  8    Str: 16    XL:     11   Next: 99%
Magic:  11/11      EV: 22    Int:  7    God:    the Shining One [***...]
Gold:   541        SH:  0    Dex: 23    Spells: 10/10 levels left

rFire    . . .     SeeInvis .   C - +9 trident "Ciecko" {freeze, rC+ Dex+5}
rCold    + + .     Faith    +   (no shield)
rNeg     + . .     Spirit   .   b - +0 leather armour
rPois    .         Reflect  .   c - +1 helmet
rElec    .         Harm     .   (no cloak)
rCorr    .         Rampage  .   y - +1 pair of gloves
Will     +....                  f - +0 pair of boots
Stlth    +.........             G - amulet of faith
HPRegen  0.25/turn              r - ring of willpower
MPRegen  0.12/turn              i - ring of protection from cold

@: confused, ambrosia-drunk, glowing
A: (nimble swimmer 2), mertail
a: Renounce Religion, Divine Shield


You were on level 8 of the Dungeon.
You worshipped the Shining One.
The Shining One was most pleased with you.
You visited 3 branches of the dungeon, and saw 14 of its levels.

You collected 541 gold pieces.

Inventory:

Hand Weapons
 l - a +5 trident of freezing
 C - the +9 trident "Ciecko" (weapon) {freeze, rC+ Dex+5}
   (You found it on level 6 of the Dungeon)

   It has been specially enchanted to freeze those struck by it, causing extra
   injury to most foes and up to half again as much damage against particularly
   susceptible opponents.
   It can also slow down cold-blooded creatures.
   It affects your dexterity (+5).
   It protects you from cold.
Missiles
 d - 4 throwing nets
 g - 35 poisoned darts (quivered)
 j - 3 atropa-tipped darts
 D - a curare-tipped dart
Armour
 b - a +0 leather armour (worn)
 c - a +1 helmet (worn)
 f - a +0 pair of boots (worn)
 y - a +1 pair of gloves (worn)
 A - a +0 helmet of see invisible
Jewellery
 a - a ring of ice
 i - a ring of protection from cold (right hand)
 r - a ring of willpower (left hand)
 x - a ring of resist corrosion
 G - an amulet of faith (around neck)
Wands
 e - a wand of flame (40)
 k - a wand of acid (13)
 t - a wand of iceblast (14)
Scrolls
 o - 2 scrolls of enchant armour
 p - a scroll of magic mapping
 s - a scroll of enchant weapon
Potions
 h - 2 potions of curing
 n - a potion of lignification
 q - a potion of berserk rage
 u - a potion of might {unknown}
 z - 3 potions of brilliance
 E - a potion of mutation {unknown}
 F - a potion of ambrosia
 H - a potion of invisibility {unknown}
Miscellaneous
 v - a tin of tremorstones (2/2)


   Skills:
 + Level 10.3 Fighting
 - Level 14.0 Polearms
 + Level 9.5 Throwing
 + Level 12.6 Dodging


You had 10 spell levels left.
You didn't know any spells.
Your spell library contained the following spells:

 Spells                   Type           Power      Damage    Failure   Level
 Beastly Appendage        Tmut           0%         N/A       50%         1
 Shock                    Conj/Air       0%         1d3       50%         1
 Static Discharge         Conj/Air       0%         N/A       65%         2
 Wereblood                Tmut           0%         N/A       65%         2
 Confusing Touch          Hex            0%         N/A       86%         3
 Gell's Gravitas          Tloc           0%         N/A       86%         3
 Spider Form              Tmut/Pois      0%         N/A       86%         3
 Swiftness                Air            0%         N/A       86%         3
 Airstrike                Air            0%         N/A       99%         4
 Ice Form                 Ice/Tmut       0%         N/A       99%         4
 Petrify                  Tmut/Erth      0%         N/A       99%         4
 Hydra Form               Tmut           0%         N/A       100%        5
 Lightning Bolt           Conj/Air       0%         1d11      100%        5
 Metabolic Englaciation   Hex/Ice        0%         N/A       100%        5
 Yara's Violent Unravell  Hex/Tmut       0%         3d3       100%        5


Dungeon Overview and Level Annotations

Branches:
Dungeon (12/15)            Temple (1/1) D:5            Lair (1/6) D:8
    Orc: D:9-12

Altars:
Ashenzari
Cheibriados
Dithmenos
Elyvilon
Fedhas
Gozag
Hepliaklqana
Kikubaaqudgha
Makhleb
Nemelex Xobeh
Okawaru
Qazlal
Ru
Sif Muna
Trog
Uskayaw
Vehumet
Wu Jian
Xom
Yredelemnul
Zin
The Shining One

Shops:
D:6 *

Annotations:
D:7 2 transporters, Cralpanu's ghost, novice NaVM


Innate Abilities, Weirdness & Mutations

((You are quick and stealthy near water. (Stealth+, EV+, Speed+++)))
Your lower body shifts to a powerful aquatic tail in water.


Message History

The eight-headed hydra bites you. x2
The eight-headed hydra completely misses you.
The eight-headed hydra closely misses you.
There is a staircase back to the Dungeon, spattered with blood here.
The blink frog hits you but does no damage.
The blink frog hits you.
The eight-headed hydra closely misses you.
The eight-headed hydra bites you but does no damage.
The eight-headed hydra bites you.
The eight-headed hydra closely misses you.
The eight-headed hydra bites you but does no damage.
The eight-headed hydra bites you! x2
The eight-headed hydra bites you but does no damage.
You climb upwards.
Welcome back to the Dungeon!
There is a staircase to the Lair here.
Okay, then.
Really quaff the potion of lignification?
Okay, then.
You fail to use your ability.
The blink frog hits you but does no damage.
The blink frog completely misses you. The blink frog misses you.
The blink frog closely misses you.
The eight-headed hydra completely misses you.
The eight-headed hydra bites you!
* * * LOW HITPOINT WARNING * * *
The eight-headed hydra barely misses you.
The eight-headed hydra bites you!
* * * LOW HITPOINT WARNING * * *
The eight-headed hydra completely misses you.
The eight-headed hydra misses you. The eight-headed hydra bites you.
* * * LOW HITPOINT WARNING * * *
The eight-headed hydra bites you but does no damage.
Okay, then.
You are confused.
You feel invigorated. The blink frog hits you!
The Shining One protects you from harm! The blink frog closely misses you.
The eight-headed hydra closely misses you. x2
The eight-headed hydra bites you!
You die...

###.............#.###.##.
###.#.........#.....#..
##...........#.#####.#
##P.PP...........#....#
#.......P.....##.......
##P......P.P.P......####
#...P............####
######..P..####...P...#
#......P...#@D#.......#
#..........#FF'.......#
#......P...####P.P..###
####....PP..PP..P...#
##....P.P.......##
###....P.P......# ####
##...P........######...
#................##...
#................##...


You could see an eight-headed hydra and 2 blink frogs.

Vanquished Creatures
  Gastronok (D:11)
  A hydra (Lair:1)
  A death yak (D:8)
  A deep elf pyromancer (D:9)
  A cane toad (D:8)
  4 polar bears (Lair:1)
  Prince Ribbit (D:6)
  2 hornets
  A blink frog (D:8)
  A wraith (D:12)
  Sigmund (D:3)
  18 yaks
  A wyvern (Lair:1)
  Menkaure (D:6)
  3 water moccasins
  2 sky beasts
  A hornet zombie (D:8)
  A black bear (D:5)
  3 orc warriors
  3 centaurs
  An ogre (D:2)
  2 necrophages (D:7)
  A kobold brigand (D:7)
  4 bullfrogs
  3 scorpions
  A gnoll sergeant (D:7)
  A water moccasin zombie (D:7)
  3 killer bees (D:11)
  12 wights
  4 howler monkeys
  2 electric eels
  5 centaur zombies
  2 hounds
  A jelly (D:6)
  5 orc priests
  A centaur skeleton (D:7)
  3 gnoll shamans
  An iguana (D:5)
  3 iron imps (D:6)
  6 orc wizards
  Ijyb (D:5)
  Terence (D:2)
  A howler monkey zombie (D:5)
  5 adders
  17 gnolls
  A white imp (D:8)
  An adder zombie (D:2)
  An adder skeleton (D:2)
  3 worms
  4 dart slugs
  6 orcs
  A ball python (D:3)
  5 bat zombies (D:2)
  4 endoplasms
  10 giant cockroaches
  10 goblins
  5 hobgoblins
  9 jackals
  16 kobolds
  2 ball python skeletons (D:2)
  8 bats
  3 frilled lizards
  A jackal skeleton (D:2)
  A quokka zombie (D:2)
  6 rats
231 creatures vanquished.

Vanquished Creatures (others)
  A bush (D:6)
  10 fungi
  10 plants
  A withered plant (D:2)
22 creatures vanquished.

Grand Total: 253 creatures vanquished

Notes
Turn   | Place    | Note
-------+----------+-------------------------------------------
     0 | D:1      | MYETA the Merfolk Gladiator began the quest for the Orb.
     0 | D:1      | Reached XP level 1. HP: 16/16 MP: 1/1
   262 | D:1      | Reached XP level 2. HP: 20/23 MP: 2/2
   536 | D:1      | Reached skill level 5 in Polearms
   704 | D:1      | Reached XP level 3. HP: 23/28 MP: 3/3
   983 | D:2      | Found a faded altar of an unknown god.
   994 | D:2      | Noticed Terence
  1024 | D:2      | Killed Terence
  1025 | D:2      | Reached XP level 4. HP: 28/34 MP: 4/4
  1302 | D:2      | Reached skill level 6 in Polearms
  1393 | D:2      | Noticed an ogre
  1404 | D:2      | Killed an ogre
  1405 | D:2      | Reached skill level 5 in Dodging
  1405 | D:2      | Reached XP level 5. HP: 17/41 MP: 5/5
  1959 | D:2      | Reached XP level 6. HP: 44/47 MP: 6/6
  2201 | D:3      | Reached skill level 7 in Polearms
  2380 | D:3      | Noticed Sigmund
  3061 | D:3      | Killed Sigmund
  3347 | D:4      | Identified the +1 ring mail of Classification {Fly Will++}
  3400 | D:4      | Reached XP level 7. HP: 54/54 MP: 7/7
  4036 | D:4      | Reached skill level 8 in Polearms
  4670 | D:5      | Entered Level 5 of the Dungeon
  4860 | D:5      | Noticed Ijyb
  4870 | D:5      | Killed Ijyb
  4948 | D:5      | Found a staircase to the Ecumenical Temple.
  5152 | D:5      | Reached skill level 9 in Polearms
  5152 | D:5      | Reached XP level 8. HP: 38/61 MP: 8/8
  5168 | Temple   | Entered the Ecumenical Temple
  5315 | Temple   | Became a worshipper of the Shining One
  5429 | D:5      | Noticed a hornet
  5437 | D:5      | Killed a hornet
  5438 | D:5      | Reached skill level 5 in Fighting
  6143 | D:6      | Found a shimmering altar of Xom.
  6173 | D:6      | Found a burning altar of Makhleb.
  6287 | D:6      | Reached skill level 10 in Polearms
  6700 | D:6      | Reached * piety under the Shining One
  6718 | D:6      | Reached skill level 5 in Throwing
  6838 | D:6      | Found Cenkum's Assorted Antiques.
  6862 | D:6      | Noticed Prince Ribbit
  6882 | D:6      | Killed Prince Ribbit
  6883 | D:6      | Reached XP level 9. HP: 62/69 MP: 9/9
  6977 | D:6      | Reached skill level 11 in Polearms
  7533 | D:6      | Identified the +9 trident "Ciecko" {freeze, rC+ Dex+5}
  7628 | D:7      | Noticed Menkaure
  8087 | D:6      | Killed Menkaure
  8267 | D:7      | Reached skill level 12 in Polearms
  8272 | D:7      | Reached ** piety under the Shining One
  8441 | D:7      | Found a transporter.
  8561 | D:7      | Found a transporter.
  8561 | D:7      | Noticed Cralpanu's ghost (novice NaVM)
  8696 | D:7      | Found an iron altar of Okawaru.
  8696 | D:7      | Found a radiant altar of Vehumet.
  8871 | D:8      | Reached XP level 10. HP: 75/79 MP: 10/10
  8906 | D:8      | Reached skill level 13 in Polearms
  9193 | D:8      | Noticed a death yak
  9359 | D:8      | Killed a death yak
  9360 | D:8      | Reached skill level 14 in Polearms
  9360 | D:8      | Reached skill level 10 in Dodging
  9615 | D:8      | Found a sparkling altar of Nemelex Xobeh.
  9783 | D:8      | Found a staircase to the Lair.
  9898 | D:9      | Reached *** piety under the Shining One
  9921 | D:9      | Reached XP level 11. HP: 86/86 MP: 11/11
  9960 | D:9      | Noticed a deep elf pyromancer
 10188 | D:9      | Killed a deep elf pyromancer
 11220 | D:9      | You fall into a shaft and drop 3 floors!
 11411 | D:11     | Noticed Gastronok
 11557 | D:11     | Killed Gastronok
 11705 | D:11     | Noticed an eight-headed hydra
 11712 | D:10     | Entered Level 10 of the Dungeon
 11714 | D:10     | HP: 2/90 [eight-headed hydra (4)]
 12131 | D:10     | Found an opulent altar of Gozag.
 12252 | Lair:1   | Entered Level 1 of the Lair of Beasts
 12397 | Lair:1   | Reached skill level 10 in Fighting
 12535 | Lair:1   | Noticed a four-headed hydra
 12561 | Lair:1   | Killed a four-headed hydra
 12574 | Lair:1   | Noticed an eight-headed hydra
 12953 | D:8      | The Shining One protects you from harm!
 12953 | D:8      | Slain by an eight-headed hydra

Illustrated notes

Levels and vault maps discovered:
D:1:      minmay_arrival_four_houses, layout_basic, minmay_misc_feat_tower,
          minmay_worlds_worst_comb
D:2:      minmay_general_purpose_star, layout_loops_ring, serial_undead,
          serial_undead_b, serial_undead_b, serial_undead_a, serial_undead_a,
          serial_undead_f, serial_undead_a, serial_undead_f,
          hellmonk_ecumenical_altar_heavens_door, uniq_terence
D:3:      layout_loops_ring, uniq_sigmund
D:4:      layout_basic
D:5:      layout_basic, temple_fountains, uniq_ijyb
D:6:      layout_rooms, demons_altar, lemuel_doored_altar, serial_shops,
          shop_fountains, minmay_splitting_lines, serial_park_tiny_1,
          uniq_prince_ribbit1
D:7:      layout_rooms, gammafunk_temple_overflow_wave,
          gammafunk_ghost_mausoleum, nrook_mini_vaults, uniq_menkaure
D:8:      argonaut_augean_stables, layout_basic, lemuel_coloured_pillars_altar,
          grunt_lair_entry_orc_guard_hut, interstate_on_off,
          amcnicky_mini_pool_small
D:9:      layout_irregular_city, kennysheep_big_empty_room
D:10:     layout_basic, lemuel_tele_altar, hex_large, minmay_starry_boxes
D:11:     layout_grid_maze, nicolae_trove_entry_isolated, uniq_gastronok
D:12:     layout_loops_cross, david_orc_5, serial_shops, shop
Temple:   nicolae_temple_x_marks_the_god
Lair:1:   layout_gridlike, ebering_ghost_disaster_area, st_stairs_6,
          cheibrodos_lair_lostbears, lemuel_fruit_tree,
          minmay_lair_oklob_chamber, infiniplex_staircase_pool_2

Skill      XL: |  1  2  3  4  5  6  7  8  9 10 11 |
---------------+----------------------------------+-----
Polearms       | 5 6 7 9 10 12 14 | 14.0
Fighting       | 3 4 5 7 8 10 | 10.3
Throwing       | 3 4 5 6 7 9 |  9.5
Dodging        | 5 6 7 9 10 12 | 12.6

Action                   |  1- 3 |  4- 6 |  7- 9 | 10-12 || total
-------------------------+-------+-------+-------+-------++-------
Melee: Trident           |   105 |   167 |   198 |   250 ||   720
       Scythe            |       |     3 |    63 |       ||    66
       Tailslap          |       |       |       |     5 ||     5
Throw: Dart              |       |     6 |    80 |    57 ||   143
Evoke: Wand              |       |       |       |     3 ||     3
  Use: Scroll            |     3 |     2 |     2 |    12 ||    19
       Potion            |     1 |     1 |     1 |     6 ||     9
 Stab: Sleeping          |     2 |     4 |     1 |       ||     7
       Distracted        |       |     2 |       |       ||     2
Armor: Leather armour    |    15 |    23 |    55 |    43 ||   136
       Skin              |    22 |       |     4 |       ||    26
Dodge: Dodged            |    40 |    93 |   175 |   197 ||   505

Table legend: (Time is in decaauts)
 A = Elapsed time spent in this place.
 B = Non-inter-level travel time spent in this place.
 C = Inter-level travel time spent in this place.
 D = Time resting spent in this place.
 E = Time spent auto-exploring this place.
 F = Levels seen in this place.
 G = Mean time per level.
                   A        B        C        D        E       F      G
               +--------+--------+--------+--------+--------+-----+--------+
         Total |  12792 |  12474 |    318 |   2046 |   8535 |  14 |  913.7 |
       Dungeon |  12249 |  11939 |    310 |   2046 |   8171 |  12 | 1020.8 |
        Temple |    156 |    148 |      8 |      0 |    145 |   1 |  156.0 |
          Lair |    386 |    386 |      0 |      0 |    218 |   1 |  386.0 |
               +--------+--------+--------+--------+--------+-----+--------+

Top non-repeatable levels by time:
     D:6: 2058 daAuts
     D:9: 1568 daAuts
     D:8: 1512 daAuts
     D:3: 1463 daAuts
     D:2: 1267 daAuts
     D:5: 1233 daAuts
     D:4: 1031 daAuts
     D:1: 922 daAuts
     D:7: 572 daAuts
  Lair:1: 386 daAuts
    D:11: 303 daAuts
    D:12: 172 daAuts
  Temple: 156 daAuts
    D:10: 143 daAuts
